 Dungeon Crawl Stone Soup version 0.30-a0-359-gd0147acb1a (webtiles) character file.

Game seed: 3591355930657668442

44296 Conn the Thaumaturge (level 14, -11/85 HPs)
             Began as an Octopode Fire Elementalist on Nov 12, 2022.
             Was an Elder of Sif Muna.
             Killed from afar by a lindwurm (32 damage)
             ... with a blast of flame
             ... on level 5 of the Lair of Beasts.
             The game lasted 01:25:42 (22921 turns).

Conn the Thaumaturge (Octopode Fire Elementalist)  Turns: 22921, Time: 01:25:43

Health: -11/85     AC:  5    Str:  8    XL:     14   Next: 28%
Magic:  2/30       EV: 14    Int: 27    God:    Sif Muna [****..]
Gold:   857        SH:  0    Dex: 13    Spells: 5/38 levels left

rFire   . . .      SeeInvis .    C - +3 rapier (holy)
rCold   + . .      Faith    +    (no shield)
rNeg    . . .      Spirit   .    (helmet restricted)
rPois   +          Reflect  .    P - amulet of faith
rElec   .          Harm     .    F - ring of resist corrosion
rCorr   +          Rampage  .    t - +4 ring of protection
Will    +....                    E - ring of poison resistance
Stlth   +++++.....               J - ring of protection from cold
HPRegen 0.34/turn                M - +6 ring of intelligence
MPRegen 0.22/turn                (no ring)
                                 (no ring)
                                 (no ring)

@: studying Short Blades
A: almost no armour, amphibious, 8 rings, camouflage 1, gelatinous body 1,
(nimble swimmer 1), tentacles
a: Renounce Religion, Channel Magic, Forget Spell, Divine Exegesis


You were on level 5 of the Lair of Beasts.
You worshipped Sif Muna.
Sif Muna was greatly pleased with you.
You visited 3 branches of the dungeon, and saw 16 of its levels.
You also visited: Sewer and Bailey.

You collected 1077 gold pieces.
You spent 220 gold pieces at shops.

Inventory:

Hand Weapons
 c - a +0 dagger
 v - a +3 quarterstaff of chaos
 C - a +3 rapier of holy wrath (weapon)
 D - the +4 mace of Wyrd {flame, rPois rC+ Str-2 Stlth+}
   (You found it on level 9 of the Dungeon)

   It burns those it strikes, dealing additional fire damage.
   Str:       It affects your strength (-2).
   rC:        It protects you from cold.
   rPois:     It protects you from poison.
   Stlth:     It makes you more stealthy.
Missiles
 p - 2 throwing nets (quivered)
Armour
 h - a +0 kite shield
Magical Staves
 g - a staff of earth
Jewellery
 t - a +4 ring of protection (right tentacle)
 E - a ring of poison resistance (on tentacle)
 F - a ring of resist corrosion (left tentacle)
 J - a ring of protection from cold (on tentacle)
 M - a +6 ring of intelligence (on tentacle)
 P - an amulet of faith (around mantle)
Wands
 n - a wand of roots (4)
 o - a wand of quicksilver (22)
 s - a wand of charming (7)
 B - a wand of flame (34)
 G - a wand of polymorph (10)
Scrolls
 d - a scroll of magic mapping
 f - 5 scrolls of enchant armour
 i - 6 scrolls of teleportation
 l - 4 scrolls of immolation
 m - a scroll of silence
 r - 2 scrolls of poison
 y - a scroll of amnesia
 L - a scroll of blinking
Potions
 a - 3 potions of magic
 j - 2 potions of resistance
 k - 2 potions of ambrosia
 q - 2 potions of flight
 u - 6 potions of brilliance
 x - a potion of haste
 z - 3 potions of attraction
 A - 3 potions of might
 I - 5 potions of curing
Miscellaneous
 H - a phial of floods
 O - a phantom mirror (inert)


   Skills:
 + Level 4.1 Fighting
 + Level 3.2 Short Blades
 + Level 1.2 Maces & Flails
 + Level 2.5 Throwing
 + Level 4.5 Dodging
 + Level 7.7 Stealth
 + Level 12.5 Spellcasting
 * Level 9.4 Conjurations
 + Level 4.0 Hexes
 + Level 4.6 Summonings
 + Level 3.7 Translocations
 + Level 10.7 Fire Magic
 - Level 6.0 Air Magic
 + Level 1.2 Poison Magic
 - Level 8.0 Invocations
 + Level 2.9 Evocations


You had 5 spell levels left.
You knew the following spells:

 Your Spells              Type           Power      Damage    Failure   Level
a - Foxfire               Conj/Fire      100%       2x1d9     1%          1
b - Fireball              Conj/Fire      31%        3d13      1%          5
c - Inner Flame           Hex/Fire       54%        N/A       1%          3
d - Flame Wave            Conj/Fire      63%        2d15      1%          4
e - Scorch                Fire           100%       2d10      1%          2
f - Iskenderun's Mystic   Conj/Tloc      51%        2d11      2%          4
g - Mephitic Cloud        Conj/Pois/Air  46%        N/A       1%          3
h - Airstrike             Air            24%        2d(4-20)  2%          4
i - Summon Lightning Spi  Summ/Air       45%        N/A       3%          4
j - Summon Guardian Gole  Hex/Summ       40%        N/A       1%          3

Your spell library contained the following spells:

 Spells                   Type           Power      Damage    Failure   Level
 Apportation              Tloc           74%        N/A       1%          1
 Kiss of Death            Conj/Necr      100%       2d13      1%          1
 Summon Small Mammal      Summ           100%       N/A       1%          1
 Poisonous Vapours        Pois/Air       72%        N/A       1%          2
 Searing Ray              Conj           100%       2d8       1%          2
 Call Canine Familiar     Summ           41%        N/A       1%          3
 Dazzling Flash           Conj/Hex       100%       N/A       1%          3
 Kindle Blastsparks       Fire/Tloc/Air  100%       2d18      1%          3
 Swiftness                Air            49%        N/A       1%          3
 Sticky Flame             Conj/Fire      63%        2d8       1%          4
 Sting                    Tmut/Pois      80%        1d7       2%          1
 Ensorcelled Hibernation  Hex/Ice        54%        N/A       2%          2
 Lightning Bolt           Conj/Air       27%        1d44      3%          5
 Passwall                 Tmut/Erth      13%        N/A       4%          2
 Sublimation of Blood     Necr           16%        N/A       4%          2
 Spider Form              Tmut/Pois      20%        N/A       8%          3
 Frozen Ramparts          Ice            32%        1d5       10%         3
 Freezing Cloud           Conj/Ice/Air   22%        6-21      11%         5
 Summon Ice Beast         Ice/Summ       29%        N/A       13%         4
 Irradiate                Conj/Tmut      21%        3d18      13%         5
 Anguish                  Hex/Necr       13%        N/A       14%         4
 Olgreb's Toxic Radiance  Pois           23%        N/A       21%         4
 Petrify                  Tmut/Erth      16%        N/A       32%         4
 Metabolic Englaciation   Hex/Ice        13%        N/A       38%         5
 Alistair's Intoxication  Tmut/Pois      13%        N/A       58%         5
 Starburst                Conj/Fire      31%        6d10      9%          6
 Dragon's Call            Summ           20%        N/A       100%        9
 Polar Vortex             Ice            8%         N/A       100%        9


Dungeon Overview and Level Annotations

Branches:
Dungeon (10/15)            Temple (1/1) D:4            Lair (5/5) D:10
 Shoals (0/4) Lair:2       Spider (0/4) Lair:2        Slime (0/5) Lair:4
  Sewer (visited)          Bailey (visited)
    Orc: D:9-12

Altars:
Ashenzari
Cheibriados
Dithmenos
Elyvilon
Fedhas
Gozag
Hepliaklqana
Kikubaaqudgha
Makhleb
Nemelex Xobeh
Sif Muna
Uskayaw
Vehumet
Wu Jian
Zin
Jiyva

Shops:
D:9 *

Annotations:
D:3 3 runed translucent doors, foxfromabyss's ghost, amateur TrFi
Lair:4 exclusion: orange crystal statue


Innate Abilities, Weirdness & Mutations

You cannot wear most types of armour.
You are amphibious.
You can wear up to eight rings at the same time.
Your skin changes colour to match your surroundings (Stealth+).
Your rubbery body absorbs attacks. (AC +1, EV +1)
((You are camouflaged when in or above water. (Stealth+)))
You have tentacles for arms and can constrict up to eight enemies at once.


Message History

Aiming: Mephitic Cloud (safe; 1% risk of failure)
Press: ? - help, Shift-Dir - straight line, f - molten gargoyle
Aim: a molten gargoyle, wielding a +0 mace (lightly damaged, not susceptible) Out of range.
Okay, then.
Casting: Mephitic Cloud (safe; 1% risk of failure)
Confirm with . or Enter, or press ? or * to list all spells.
Aiming: Airstrike (dangerous; 2% risk of failure)
Press: ? - help, Dir - move target, f - molten gargoyle
Aim: a molten gargoyle, wielding a +0 mace (lightly damaged, empty space bonus: 2/8)
The air twists around and strikes the molten gargoyle.
The molten gargoyle is lightly damaged.
The hell hound is engulfed in noxious fumes.
Casting: Airstrike (dangerous; 2% risk of failure)
Confirm with . or Enter, or press ? or * to list all spells.
Okay, then.
Unknown command.
Casting: Airstrike (dangerous; 2% risk of failure)
Confirm with . or Enter, or press ? or * to list all spells.
You conjure some foxfire!
The hell hound completely misses the molten gargoyle.
The molten gargoyle blasts magma at you!
The bolt of magma hits your guardian golem!
Your guardian golem partially resists.
The bolt of magma hits you!
The foxfire hits the hell hound.
The hell hound completely resists.
The hell hound is moderately wounded.
The foxfire hits the hell hound.
The hell hound completely resists.
The hell hound is moderately wounded.
The hell hound is engulfed in noxious fumes.
The molten gargoyle blasts magma at you!
The bolt of magma hits the hell hound!
The hell hound partially resists.
The bolt of magma hits you!!
* * * LOW HITPOINT WARNING * * *
The lindwurm breathes flames at you.
The blast of flame hits your guardian golem!
Your guardian golem resists.
The blast of flame hits the hell hound.
The hell hound completely resists.
The blast of flame hits you!!
You die...

#...#..#.....##
##†..........#
#†#..#.#...##
#k########.#
#99# ### #..#
#§§# ##§h#
#..@# #....8.#
.......#.
#..#...#..#
###.#.# #.#
##.# ## ##


You could see a lindwurm (catching breath, ally target), a molten gargoyle, a
hell hound (confused, ally target), a friendly guardian golem (summoned) and a
friendly lightning spire (summoned, sheltered).

Vanquished Creatures
  An orc warlord (Bailey)
  3 hydras
  The ghost of Kashroc the Carver, a journeyman DsGl of Dithmenos (Lair:1)
  A two-headed ogre (D:10)
  2 orc knights (Bailey)
  An oklob plant (Lair:1)
  A manticore (Lair:2)
  7 elephants (Lair:5)
  5 black mambas
  An eye of devastation (Lair:4)
  2 torpor snails
  4 cane toads
  An unseen horror (D:10)
  7 komodo dragons
  3 rime drakes
  A wind drake (Lair:2)
  4 trolls (D:10)
  2 polar bears (Lair:3)
  11 blink frogs
  2 centaur simulacra (D:10)
  A shadow (D:10)
  7 wyverns
  A vampire (D:10)
  40 yaks
  3 steam dragons
  An acid dragon (D:7)
  9 water moccasins
  Duvessa (D:7)
  2 hell hounds (Lair:5)
  A floating eye (Lair:4)
  3 ice beasts (D:10)
  20 orc warriors
  2 black bears
  4 boggarts (Lair:3)
  An ogre (D:6)
  4 wolves (Lair:5)
  2 phantoms
  A kobold brigand (D:8)
  23 bullfrogs
  2 gnoll sergeants
  A necrophage (D:7)
  2 scorpions
  12 wights
  Dowan (D:7)
  7 killer bees
  2 electric eels (D:10)
  3 howler monkeys
  2 jellies
  6 orc priests
  Crazy Yiuf (D:3)
  An iguana (D:5)
  15 orc wizards
  22 adders
  21 gnolls
  2 river rats (Sewer)
  A shadow imp (D:7)
  3 white imps
  2 howler monkey simulacra (D:10)
  3 ufetubi
  3 worms
  2 dart slugs
  51 orcs
  18 ball pythons
  9 endoplasms
  5 giant cockroaches
  19 goblins
  24 hobgoblins
  4 jackals
  3 quokkas
  4 bats
  2 frilled lizards
  12 kobolds
  24 rats
  5 bushes (Lair:1)
480 creatures vanquished.

Vanquished Creatures (collateral kills)
  Urug (Lair:1)
  An elephant (Lair:5)
  3 cane toads
  A polar bear (Lair:5)
  A blink frog (Lair:2)
  A basilisk (Lair:1)
  3 yaks (Lair:2)
  2 wolves (Lair:5)
  23 foxfires
36 creatures vanquished.

Vanquished Creatures (others)
  A komodo dragon (Lair:1)
  3 yaks
  A bush (Lair:1)
  1409 foxfires
  44 fungi
  56 plants
1514 creatures vanquished.

Grand Total: 2030 creatures vanquished

Notes
Turn   | Place    | Note
-------+----------+-------------------------------------------
     0 | D:1      | Conn the Octopode Fire Elementalist began the quest for the
                  | Orb.
     0 | D:1      | Reached XP level 1. HP: 11/11 MP: 3/3
   183 | D:1      | Reached XP level 2. HP: 17/17 MP: 5/5
   451 | D:1      | Reached XP level 3. HP: 17/21 MP: 1/6
   522 | D:1      | Learned a level 2 spell: Scorch
  1039 | D:2      | Reached XP level 4. HP: 27/27 MP: 0/7
  2194 | D:3      | Reached XP level 5. HP: 31/31 MP: 5/9
  2231 | D:3      | Found a runed translucent gate.
  2231 | D:3      | Found a runed translucent gate.
  2231 | D:3      | Found a runed translucent gate.
  2232 | D:3      | Noticed foxfromabyss's ghost (amateur TrFi)
  2987 | D:3      | Found a runed translucent door.
  2988 | D:3      | Noticed Crazy Yiuf
  3005 | D:3      | Killed Crazy Yiuf
  3006 | D:3      | Reached skill level 3 in Spellcasting
  3322 | D:4      | Reached XP level 6. HP: 37/37 MP: 6/10
  3409 | D:4      | Learned a level 3 spell: Kindle Blastsparks
  3413 | D:4      | Learned a level 3 spell: Inner Flame
  3414 | D:4      | Found a staircase to the Ecumenical Temple.
  3420 | Temple   | Entered the Ecumenical Temple
  3429 | Temple   | Became a worshipper of Sif Muna the Loreminder
  3610 | D:4      | Noticed a water moccasin
  3638 | D:4      | Killed a water moccasin
  3639 | D:4      | Reached skill level 1 in Short Blades
  3639 | D:4      | Reached skill level 5 in Stealth
  3874 | D:4      | Reached XP level 7. HP: 42/42 MP: 5/12
  4057 | D:4      | Found a shadowy altar of Dithmenos.
  4223 | D:5      | Entered Level 5 of the Dungeon
  4358 | D:5      | Reached * piety under Sif Muna
  4395 | D:5      | Reached skill level 5 in Fire Magic
  4420 | D:5      | HP: 1/42 [gnoll sergeant/+0 trident (9)]
  4422 | D:5      | Reached skill level 4 in Spellcasting
  4525 | D:5      | Found a glowing drain.
  4540 | Sewer    | Entered a sewer
  4952 | Sewer    | Reached skill level 1 in Translocations
  5077 | Sewer    | Reached ** piety under Sif Muna
  5125 | Sewer    | Reached skill level 1 in Air Magic
  5125 | Sewer    | Reached skill level 1 in Invocations
  5129 | Sewer    | Reached XP level 8. HP: 43/47 MP: 5/14
  6277 | D:6      | Learned a level 4 spell: Flame Wave
  7352 | D:7      | Reached skill level 1 in Fighting
  7592 | D:7      | Reached skill level 5 in Spellcasting
  7592 | D:7      | Reached XP level 9. HP: 22/53 MP: 1/16
  7835 | D:7      | Reached *** piety under Sif Muna
  7881 | D:7      | Noticed Dowan
  7883 | D:7      | Noticed Duvessa
  7885 | D:7      | Killed Duvessa
  7889 | D:7      | Killed Dowan
  8064 | D:7      | Found a radiant altar of Vehumet.
  8074 | D:7      | Reached skill level 1 in Hexes
  8098 | D:7      | Found a glowing silver altar of Zin.
  8561 | D:7      | Learned a level 4 spell: Iskenderun's Mystic Blast
  8626 | D:8      | Reached skill level 6 in Spellcasting
  8699 | D:8      | Identified the +2 leather armour of Xyrgh {rF+}
  9074 | D:8      | Reached XP level 10. HP: 60/60 MP: 7/20
  9638 | D:9      | Reached skill level 5 in Conjurations
  9643 | D:9      | Reached skill level 7 in Spellcasting
 10026 | D:9      | Reached **** piety under Sif Muna
 10162 | D:9      | Found a flagged portal.
 10171 | Bailey   | Entered a bailey
 10511 | Bailey   | Noticed an orc knight
 10526 | Bailey   | Killed an orc knight
 11012 | Bailey   | Noticed an orc knight
 11020 | Bailey   | Killed an orc knight
 11021 | Bailey   | Reached skill level 8 in Spellcasting
 11359 | Bailey   | Noticed an orc warlord
 11375 | Bailey   | Killed an orc warlord
 11376 | Bailey   | Reached skill level 5 in Invocations
 11376 | Bailey   | Reached XP level 11. HP: 64/64 MP: 8/23
 11401 | Bailey   | Reached skill level 9 in Spellcasting
 11615 | Bailey   | Reached XP level 12. HP: 72/72 MP: 25/25
 11621 | Bailey   | Learned a level 4 spell: Sticky Flame
 11626 | Bailey   | Learned a level 4 spell: Airstrike
 11631 | Bailey   | Learned a level 4 spell: Summon Lightning Spire
 11840 | D:9      | Identified the +4 mace of Wyrd {flame, rPois rC+ Str-2
                  | Stlth+}
 11988 | D:9      | Found Uveteysu's Assorted Antiques.
 11995 | D:9      | Bought a scroll of fear for 88 gold pieces
 11995 | D:9      | Bought 2 potions of curing for 132 gold pieces
 12324 | D:9      | Reached skill level 10 in Spellcasting
 12324 | D:9      | Reached skill level 1 in Summonings
 12646 | D:10     | Entered Level 10 of the Dungeon
 12660 | D:10     | Reached ***** piety under Sif Muna
 13205 | D:10     | Noticed a two-headed ogre
 13273 | D:10     | Killed a two-headed ogre
 13566 | D:10     | Received a gift from Sif Muna
 13576 | D:10     | Got Sif Muna's Guidebook on the Lethal Glacier {god gift}
 14380 | D:10     | Found a staircase to the Lair.
 14797 | D:10     | Found a white marble altar of Elyvilon.
 15087 | Lair:1   | Entered Level 1 of the Lair of Beasts
 15109 | Lair:1   | Noticed Urug
 15348 | Lair:1   | Reached XP level 13. HP: 79/79 MP: 16/27
 15539 | Lair:1   | Found a runed translucent gate.
 15540 | Lair:1   | Found a runed translucent gate.
 15541 | Lair:1   | Found a runed translucent gate.
 15542 | Lair:1   | Noticed Kashroc's ghost (journeyman DsGl)
 15574 | Lair:1   | Learned a level 3 spell: Summon Guardian Golem
 15588 | Lair:1   | Killed Urug
 16199 | Lair:1   | Reached skill level 11 in Spellcasting
 16215 | Lair:1   | Killed Kashroc's ghost
 16900 | Lair:2   | Reached skill level 5 in Air Magic
 16905 | Lair:2   | Found a hole to the Spider Nest.
 17762 | Lair:2   | Found a staircase to the Shoals.
 18154 | Lair:3   | Reached skill level 10 in Fire Magic
 18671 | Lair:3   | Reached skill level 1 in Maces & Flails
 19572 | Lair:4   | Received a gift from Sif Muna
 19573 | Lair:4   | Got Huopes's Almanac of the Excruciating Commander {god
                  | gift}
 19711 | Lair:3   | Learned a level 5 spell: Fireball
 19716 | Lair:3   | Learned a level 3 spell: Mephitic Cloud
 20142 | Lair:4   | Reached skill level 12 in Spellcasting
 20442 | Lair:4   | Identified the +3 leather armour of Fedhas's Whim {*Corrode
                  | rN+ Str+3 Dex+2}
 20444 | Lair:4   | Found a viscous altar of Jiyva.
 20444 | Lair:4   | Found a staircase to the Slime Pits.
 20466 | Lair:4   | Reached XP level 14. HP: 84/84 MP: 9/30
 21895 | Lair:5   | Entered Level 5 of the Lair of Beasts
 22005 | Lair:5   | Reached skill level 1 in Poison Magic
 22921 | Lair:5   | Killed from afar by a lindwurm

Illustrated notes

Levels and vault maps discovered:
D:1:      minmay_arrival_semitransparent, layout_basic, minmay_stone_trees_small
D:2:      layout_loops_cross, minmay_tromino_v2
D:3:      minmay_chambers_of_twos, layout_loops_ring, ebering_ghost_rock_garden,
          uniq_crazy_yiuf_cottage
D:4:      minmay_chambers_of_fours, layout_basic, mainiacjoe_overflow_alcove_4,
          temple_doors_ab, grunt_ministairs_13
D:5:      layout_loops_corners, cheibrodos_sewer_entry_bend, st_stairs_7,
          chequers_arboretum
D:6:      layout_layer_cave, serial_co_window_serial, co_window_paths_b,
          co_window_paths_b, co_window_paths_a, co_window_of_opportunity_a,
          co_window_paths_a, co_window_of_opportunity_c,
          co_window_of_opportunity_c, co_window_broadway_b, co_window_corner_b,
          co_window_corner_ca, glass_columns_a, glass_columns_b, glass_columns_a
D:7:      layout_rooms, mainiacjoe_overflow_large_starburst,
          hangedman_abyss_or_decor_slice, minmay_diced_spiral, uniq_duvessa
D:8:      layout_basic, dk_noncrumbling_4, uniq_psyche
D:9:      layout_gridville, enter_bailey_5, serial_shops, shop
D:10:     layout_stronghold, nicolae_elyvilon_temple_path,
          grunt_lair_entry_orc_guard_hut, serial_ice, serial_ice_c,
          serial_ice_o, serial_ice_f, serial_ice_g, serial_ice_a, serial_ice_d,
          serial_ice_e, serial_ice_l, st_stairs_2, minmay_misc_feat_doors,
          hangedman_corner_corridor
Temple:   nicolae_temple_two_arcs
Lair:1:   layout_regular_city, gammafunk_ghost_split, minmay_lair_oklob_bushes,
          uniq_urug
Lair:2:   layout_misc_corridors, minmay_shoals_entry_beasts,
          spider_nest_entry_web_field, lemuel_fruit_fields
Lair:3:   layout_cave_pods, kilobyte_rumbling_trees, grunt_megastairs_1
Lair:4:   statuecave_lemuel, layout_cave_pods, minmay_slime_entry_eyes,
          serial_forest, infiniplex_forest_straight_3,
          infiniplex_forest_straight_3, infiniplex_forest_clump_long,
          infiniplex_forest_straight_1, infiniplex_forest_pool,
          infiniplex_staircase_pool_2
Lair:5:   cheibrodos_lair_end_hotspot, layout_loops_ring, special_room
          [special_room_mythical_zoo]

Skill      XL: |  1  2  3  4  5  6  7  8  9 10 11 12 13 14 |
---------------+-------------------------------------------+-----
Stealth        | 3 4 5 6 7 |  7.7
Fire Magic     | 4 5 6 7 8 9 10 | 10.7
Conjurations   | 2 3 4 5 7 9 |  9.4
Spellcasting   | 3 4 5 6 8 9 10 12 | 12.5
Short Blades   | 1 2 3 |  3.2
Translocations | 1 2 3 |  3.7
Air Magic      | 1 3 4 6 |  6.0
Invocations    | 1 2 3 5 6 7 8 |  8.0
Fighting       | 1 3 4 |  4.1
Hexes          | 1 3 4 |  4.0
Throwing       | 2 |  2.5
Evocations     | 2 |  2.9
Summonings     | 4 |  4.6
Dodging        | 3 4 |  4.5
Maces & Flails | 1 |  1.2
Poison Magic   | 1 |  1.2

Action                   |  1- 3 |  4- 6 |  7- 9 | 10-12 | 13-15 || total
-------------------------+-------+-------+-------+-------+-------++-------
Melee: Dagger            |    28 |    63 |     3 |       |       ||    94
       Constrict         |     6 |    13 |     8 |    15 |     6 ||    48
       Unarmed           |     2 |       |       |       |       ||     2
       Tentacles         |     3 |    13 |    11 |    19 |    20 ||    66
       Punch             |       |     1 |     1 |     1 |     3 ||     6
       Rapier            |       |       |    62 |    34 |    42 ||   138
       Mace              |       |       |       |    25 |    11 ||    36
Throw: Throwing net      |       |       |       |     2 |     3 ||     5
 Cast: Foxfire           |    42 |    72 |   174 |   315 |   220 ||   823
       Scorch            |       |     9 |    34 |    92 |    96 ||   231
       Inner Flame       |       |       |     9 |    27 |    24 ||    60
       Kindle Blastspark |       |       |     4 |     7 |     3 ||    14
       Flame Wave        |       |       |     2 |    21 |    12 ||    35
       Iskenderun's Myst |       |       |       |     3 |     9 ||    12
       Airstrike         |       |       |       |       |    19 ||    19
       Summon Lightning  |       |       |       |       |    19 ||    19
       Summon Guardian G |       |       |       |       |    10 ||    10
       Mephitic Cloud    |       |       |       |       |    20 ||    20
       Fireball          |       |       |       |       |     2 ||     2
Invok: Channel Magic     |       |       |     1 |     1 |     3 ||     5
Evoke: Wand              |       |       |     2 |     6 |     5 ||    13
       Phial of floods   |       |       |       |     1 |     1 ||     2
       Phantom mirror    |       |       |       |       |     1 ||     1
  Use: Scroll            |       |     4 |    14 |     7 |     9 ||    34
       Potion            |       |       |    11 |     5 |     4 ||    20
 Stab: Sleeping          |     8 |    11 |    14 |     1 |     2 ||    36
       Confused          |       |       |       |       |     6 ||     6
Armor: Skin              |     3 |     2 |     3 |    24 |    29 ||    61
Dodge: Dodged            |    16 |    32 |    58 |    82 |    95 ||   283

Table legend: (Time is in decaauts)
 A = Elapsed time spent in this place.
 B = Non-inter-level travel time spent in this place.
 C = Inter-level travel time spent in this place.
 D = Time resting spent in this place.
 E = Time spent auto-exploring this place.
 F = Levels seen in this place.
 G = Mean time per level.
                   A        B        C        D        E       F      G
               +--------+--------+--------+--------+--------+-----+--------+
         Total |  22947 |  22624 |    323 |   1715 |  15735 |  18 | 1274.8 |
       Dungeon |  12656 |  12424 |    232 |    344 |   9164 |  10 | 1265.6 |
        Temple |     18 |     18 |      0 |      0 |      0 |   1 |   18.0 |
          Lair |   7854 |   7764 |     90 |    928 |   5372 |   5 | 1570.8 |
         Sewer |    769 |    769 |      0 |      0 |    504 |   1 |  769.0 |
        Bailey |   1648 |   1648 |      0 |    443 |    695 |   1 | 1648.0 |
               +--------+--------+--------+--------+--------+-----+--------+

Top non-repeatable levels by time:
  Lair:4: 2217 daAuts
    D:10: 2186 daAuts
  Lair:1: 1792 daAuts
  Bailey: 1648 daAuts
     D:9: 1640 daAuts
  Lair:3: 1571 daAuts
     D:3: 1254 daAuts
  Lair:2: 1244 daAuts
     D:6: 1233 daAuts
     D:5: 1182 daAuts
     D:7: 1167 daAuts
     D:1: 1107 daAuts
     D:8: 1045 daAuts
  Lair:5: 1028 daAuts
     D:4: 997 daAuts
